 Dungeon Crawl Stone Soup version 0.30-a0-782-ge64f9170bb (webtiles) character file.

Game seed: 14824888434901774635

259 sanka the Cudgeller (level 6, -3/62 HPs)
             Began as an Ogre Berserker on Mar 1, 2023.
             Was a Priest of Trog.
             Killed by nerve-wracking pain
             ... invoked by Menkaure
              (10 damage)
             ... on level 4 of the Dungeon.
             The game lasted 00:03:51 (2838 turns).

sanka the Cudgeller (Ogre Berserker)                Turns: 2838, Time: 00:03:52

Health: -3/62      AC: 12    Str: 24    XL:     6   Next: 17%
Magic:  6/6        EV: 10    Int:  8    God:    Trog [***...]
Gold:   227        SH:  0    Dex:  8    Spells: 5/5 levels left

rFire   . . .      SeeInvis .    a - +1 flail (protect)
rCold   . . .      Faith    .    (no shield)
rNeg    . . .      Spirit   .    b - +0 animal skin
rPois   .          Reflect  .    k - +2 hat {Stlth+}
rElec   .          Harm     .    (no cloak)
rCorr   .          Rampage  .    (gloves unavailable)
Will    .....                    (boots unavailable)
Stlth   ++                       (no amulet)
HPRegen 0.30/turn                (no ring)
MPRegen 0.10/turn                (no ring)

@: under a protective aura
A: large, unfitting armour, tough skin 1
a: Renounce Religion, Berserk, Trog's Hand


You were on level 4 of the Dungeon.
You worshipped Trog.
Trog was most pleased with you.
You visited 1 branch of the dungeon, and saw 4 of its levels.

You collected 227 gold pieces.


Innate Abilities, Weirdness & Mutations

You are too large for most types of armour.
You have tough skin. (AC +1)


   Skills:
 + Level 4.1 Fighting
 * Level 6.1 Maces & Flails
 - Level 2.6 Dodging


You had 5 spell levels left.
You didn't know any spells.
Your spell library was empty.

Inventory:

Hand Weapons
 a - a +1 flail of protection (weapon)
Armour
 b - a +0 animal skin (worn)
 k - a +2 hat of stealth (worn)
Jewellery
 c - a ring of fire
Scrolls
 e - 5 scrolls of identify {unknown}
 f - 4 scrolls of teleportation {unknown}
 h - 2 scrolls of silence {unknown}
 l - a scroll of enchant armour {unknown}
 n - a scroll of fog {unknown}
Potions
 d - a potion of might {unknown}
 g - 2 potions of curing {unknown}
 i - a potion of berserk rage {unknown}
 j - a potion of cancellation {unknown}
 m - 2 potions of heal wounds {unknown}
 o - a potion of invisibility {unknown}
 p - a potion of degeneration {unknown}
 q - a potion of haste {unknown}

Dungeon Overview and Level Annotations

Branches:
Dungeon (4/15)
 Temple: D:4-7

Altars:
Kikubaaqudgha
Wu Jian
Yredelemnul

Shops:
D:3 (

Annotations:
D:4 Menkaure

▒.▒▒▒▒▒▒▒.....▒▒▒.▒
▒.▒...............▒
▒.▒..........▒▒▒..▒▒
▒.▒..........▒ ▒....
▒.▒......▒▒▒▒▒ ▒..▒▒
▒.▒......▒ ▒....
▒.'....:.▒ ▒▒..▒
..▒▒▒▒▒▒▒▒▒▒▒▒▒▒......▒
▒▒▒..▒
....M..........'O.....▒
▒....▒
.......▒▒▒▒▒▒▒▒▒M.....▒
▒.▒.▒▒ .......▒
▒......▒ ▒...▒ .......▒
▒......▒▒▒▒▒▒▒▒.▒
......)▒
▒......▒▒.......▒
.....▒.▒
▒......▒▒.▒▒▒▒▒.▒
▒.▒▒.▒.▒ ▒▒▒▒▒▒▒▒▒.▒
▒.▒ ▒. ▒.▒.▒
▒▒▒▒▒▒▒.▒▒▒▒▒.▒
▒..........▒▒.▒


You could see Menkaure.


Message History

Menkaure shouts!
You hear an angry hiss.
There is an open door here.
There is an open door here.
You start waiting.
Menkaure is nearby!
Menkaure hits you!
You hit Menkaure.
Your weapon exudes an aura of protection.
Menkaure is lightly damaged.
Menkaure closely misses you.
You hit Menkaure.
Menkaure is moderately damaged.
Menkaure calls on the powers of darkness!
Your body is wracked with pain!
* * * LOW HITPOINT WARNING * * *
You sock Menkaure!
Menkaure is severely damaged.
Menkaure hits you!!
* * * LOW HITPOINT WARNING * * *
You barely miss Menkaure.
Menkaure is severely damaged.
Menkaure calls on the powers of darkness!
Your body is wracked with pain!
* * * LOW HITPOINT WARNING * * *
You hit Menkaure but do no damage.
Menkaure is severely damaged.
Menkaure casts a spell at you. Pain shoots through your body!
You die...

Action                     |  1- 3 |  4- 6 || total
---------------------------+-------+-------++-------
  Melee: Mace              |   117 |     7 ||   124
         Flail             |       |   134 ||   134
         Punch             |       |     1 ||     1
 Invoke: Berserk           |       |     3 ||     3
   Stab: Sleeping          |       |     6 ||     6
 Armour: Animal skin       |    35 |    59 ||    94
  Dodge: Dodged            |    67 |    62 ||   129

Levels and vault maps discovered:
D:1:      amcnicky_arrival_double_pillar, layout_basic
D:2:      minmay_chambers_of_twos, layout_basic, kennysheep_nondescript,
          corexii_corridor_pit, minmay_misc_feat_x, uniq_natasha, uniq_terence
D:3:      layout_basic, lemuel_zombie_altar_yredelemnul, amcnicky_altar_gilded,
          nicolae_wu_jian_wuxing_cycle, serial_shops, nicolae_shop_trees
D:4:      layout_basic, mainiacjoe_overflow_alcove_2,
          minmay_temple_entry_enclosed_plants, uniq_menkaure, uniq_pikel

Notes
Turn   | Place    | Note
-------+----------+-------------------------------------------
     0 | D:1      | sanka the Ogre Berserker began the quest for the Orb.
     0 | D:1      | Reached XP level 1. HP: 24/24 MP: 1/1
    75 | D:1      | Reached skill level 3 in Maces & Flails
    81 | D:1      | Reached XP level 2. HP: 20/32 MP: 2/2
   429 | D:1      | Reached XP level 3. HP: 39/39 MP: 3/3
   481 | D:1      | Reached ** piety under Trog
   889 | D:1      | Reached skill level 4 in Maces & Flails
  1240 | D:2      | Reached XP level 4. HP: 39/48 MP: 4/4
  1299 | D:2      | Noticed Terence
  1320 | D:2      | Killed Terence
  1338 | D:2      | Identified the +1 leather armour of Jigsaw {Regen+ Int+6
                  | Dex-4}
  1396 | D:2      | Noticed Natasha
  1404 | D:2      | Killed Natasha
  1405 | D:2      | Reached skill level 5 in Maces & Flails
  1406 | D:2      | Reached XP level 5. HP: 54/54 MP: 5/5
  1808 | D:2      | Reached *** piety under Trog
  1890 | D:2      | Noticed Natasha
  1907 | D:2      | Killed Natasha
  2049 | D:2      | Noticed Natasha
  2056 | D:2      | Killed Natasha
  2144 | D:3      | Reached XP level 6. HP: 62/62 MP: 6/6
  2197 | D:3      | Reached skill level 6 in Maces & Flails
  2216 | D:3      | Found an ancient bone altar of Kikubaaqudgha.
  2290 | D:3      | Found an ornate altar of the Wu Jian Council.
  2338 | D:3      | Found Ylalir's Antique Weapon Emporium.
  2625 | D:3      | Found a basalt altar of Yredelemnul.
  2811 | D:4      | Noticed Menkaure
  2838 | D:4      | Killed from afar by Menkaure

Vanquished Creatures
  A hound (D:3)
  Terence (D:2)
  Natasha (thrice) (D:2)
  An adder (D:2)
  An adder zombie (D:3)
  A worm (D:2)
  2 dart slugs (D:2)
  4 orcs (D:3)
  12 ball pythons
  10 endoplasms
  7 giant cockroaches
  10 goblins
  14 hobgoblins
  4 jackals
  3 kobolds
  5 quokkas
  3 bats
  2 frilled lizards
  A quokka zombie (D:3)
  5 rats
90 creatures vanquished.
